AoeStats
← Mike Ehrmantraut

Lombardia

507893094Analyzed
4v4 RM · 12d ago on Sep 20, 2026· 64m 29s· 8 players
Game mode
Random Map
Map size
Large (8 player)
Population
200
Speed
Normal
Resources
Standard
Victory
Conquest
Starting age
Dark Age
Ending age
Imperial Age
RankedLock teamsTeams togetherTeam positionsShared explorationLock speedFull tech treeHidden civsTurbo modeCheats
Victory
Defeat
🇨🇦 Turks · Canada
970
+12
🇦🇺 Dravidians · Australia
937
+13
🇴🇲 Persians · Oman
894
+15
🇮🇳 Britons · India
810
+20
🇺🇸 Berbers · United States
897
-16
🇺🇸 Poles · United States
880
-15
🇵🇪 Khmer · Peru
880
-15
🇲🇽 Italians · Mexico
853
-14
jesusodinson
10:46 Feudal Age
12:07 Loom
14:22 Double-Bit Axe
20:57 Castle Age
24:33 Horse Collar
29:50 Bow Saw
31:02 Wheelbarrow
30:15 Town Watch
31:18 Heavy Plow
35:29 Imperial Age
33:22 Fletching
34:33 Hand Cart
34:20 Town Patrol
34:56 Loom
35:34 Gold Mining
37:12 Chemistry
36:09 Bodkin Arrow
36:39 Thumb Ring
37:22 Elite Skirmisher
39:20 Bloodlines
40:09 Bracer
40:09 Padded Archer Armor
40:35 Bombard Tower
41:02 Fortified Wall
41:23 Pirotechnia
40:38 Light Cavalry
45:41 Leather Archer Armor
44:50 Hussar
45:42 Forging
45:37 Scale Barding Armor
52:47 Ring Archer Armor
62:31 Iron Casting
62:16 Chain Barding Armor
65:28 Blast Furnace
65:03 Plate Barding Armor
Williamjason007
12:21 Feudal Age
17:49 Castle Age
16:01 Double-Bit Axe
17:06 Horse Collar
17:23 Gold Mining
19:17 Forging
20:18 Scale Barding Armor
23:55 Iron Casting
23:27 Stone Mining
24:54 Husbandry
26:02 Chain Barding Armor
26:44 Heavy Plow
34:30 Imperial Age
32:52 Bloodlines
34:47 Cavalier
36:41 Plate Barding Armor
36:50 Maghrebi Camels
36:16 Heavy Camel Rider
39:10 Blast Furnace
51:37 Light Cavalry
ferandres99
7:13 Loom
10:05 Feudal Age
11:35 Double-Bit Axe
12:33 Town Watch
16:22 Castle Age
14:26 Horse Collar
19:44 Wheelbarrow
20:01 Bow Saw
23:56 Caravan
30:24 Imperial Age
27:52 Gold Mining
29:23 Heavy Plow
29:30 Town Patrol
30:00 Hand Cart
30:29 Szlachta Privileges
30:39 Bloodlines
30:29 Husbandry
30:34 Stone Mining
30:37 Cavalier
33:12 Conscription
33:11 Forging
33:08 Scale Barding Armor
32:55 Fletching
33:39 Crop Rotation
33:26 Masonry
34:48 Iron Casting
34:36 Chain Barding Armor
34:29 Fortified Wall
34:17 Murder Holes
35:29 Coinage
37:09 Blast Furnace
36:10 Bodkin Arrow
36:38 Ballistics
38:33 Banking
44:47 Capped Ram
45:43 Crossbowman
46:30 Thumb Ring
47:35 Chemistry
46:41 Siege Engineers
46:17 Treadmill Crane
46:40 Bracer
46:41 Scale Mail Armor
46:43 Padded Archer Armor
47:31 Fervor
47:36 Block Printing
46:48 Arbalester
49:14 Sanctity
50:57 Sanctity
50:41 Devotion
51:47 Stone Shaft Mining
51:55 Sanctity
52:03 Faith
51:40 Herbal Medicine
54:18 Faith
54:43 Redemption
55:11 Theocracy
57:38 Hoardings
57:54 Siege Ram
Yo Pe
2:23 Loom
10:48 Feudal Age
9:24 Loom
14:37 Castle Age
15:59 Double-Bit Axe
16:32 Town Watch
17:20 Bow Saw
20:21 Horse Collar
23:48 Town Patrol
23:52 Stone Mining
26:26 Gold Mining
27:13 Stone Shaft Mining
29:30 Wheelbarrow
29:35 Gold Shaft Mining
29:01 Heavy Plow
30:10 Caravan
30:46 Hand Cart
30:28 Heated Shot
30:50 Masonry
32:01 Scale Barding Armor
32:07 Forging
31:47 Fletching
32:20 Ballistics
32:39 Light Cavalry
33:30 Bloodlines
33:21 Husbandry
35:56 Imperial Age
33:36 Guard Tower
33:56 Fortified Wall
35:05 Murder Holes
35:32 Chain Barding Armor
35:48 Iron Casting
35:09 Bodkin Arrow
36:46 Siege Engineers
37:12 Architecture
37:43 Chemistry
36:45 Double Crossbow
36:10 Heavy Scorpion
38:06 Hussar
40:12 Conscription
39:23 Sappers
40:28 Hoardings
40:37 Keep
40:39 Plate Barding Armor
41:26 Blast Furnace
40:28 Bracer
43:16 Scale Mail Armor
43:16 Padded Archer Armor
TheCreepy
12:34 Feudal Age
18:38 Castle Age
16:51 Stone Mining
17:10 Double-Bit Axe
19:23 Wheelbarrow
21:00 Hand Cart
24:27 Padded Archer Armor
27:25 Bow Saw
27:48 Horse Collar
31:47 Imperial Age
32:04 Elite Janissary
34:38 Heavy Camel Rider
38:12 Bloodlines
38:03 Husbandry
38:18 Forging
38:14 Scale Barding Armor
61:48 Ballistics
1,327
12:01 Feudal Age
10:21 Loom
12:10 Feudal Age
13:55 Double-Bit Axe
13:51 Horse Collar
16:40 Castle Age
17:42 Bow Saw
17:33 Heavy Plow
23:20 Wheelbarrow
24:16 Gold Mining
24:19 Stone Mining
28:57 Hand Cart
28:27 Town Watch
29:05 Fortified Wall
29:05 Masonry
34:08 Imperial Age
32:04 Ballistics
31:54 Masonry
31:40 Murder Holes
31:57 Padded Archer Armor
31:47 Fletching
32:04 Thumb Ring
32:04 Husbandry
33:30 Leather Archer Armor
33:11 Bodkin Arrow
33:44 Caravan
34:23 Elite Elephant Archer
36:43 Two-Man Saw
37:44 Ring Archer Armor
37:15 Bracer
38:17 Chemistry
37:31 Medical Corps
37:47 Wootz Steel
37:48 Conscription
40:29 Bombard Tower
48:47 Siege Elephant
53:42 Elite Skirmisher
62:39 Elite Urumi Swordsman
63:54 Hoardings
63:33 Forging
63:23 Scale Mail Armor
63:13 Gambesons
63:29 Squires
63:15 Arson
Mike Ehrmantraut
3:07 Loom
13:34 Feudal Age
14:05 Horse Collar
14:21 Double-Bit Axe
14:58 Gold Mining
14:59 Stone Mining
22:54 Castle Age
22:03 Bloodlines
22:07 Forging
21:49 Fletching
23:03 Scale Barding Armor
24:24 Heavy Plow
24:38 Bow Saw
25:08 Gold Shaft Mining
25:09 Stone Shaft Mining
27:26 Wheelbarrow
26:37 Town Watch
27:51 Murder Holes
28:18 Ballistics
30:34 Caravan
35:07 Imperial Age
32:51 Husbandry
34:13 Hand Cart
35:29 Bodkin Arrow
36:09 Iron Casting
35:55 Chain Barding Armor
36:53 Crop Rotation
37:19 Conscription
37:29 Elite War Elephant
39:31 Blast Furnace
45:25 Plate Barding Armor
47:38 Chemistry
47:19 Hoardings
50:19 Citadels
53:38 Padded Archer Armor
53:41 Scale Mail Armor
55:36 Guilds
55:57 Coinage
57:18 Devotion
61:17 Faith
french_fires
3:32 Loom
10:04 Feudal Age
18:03 Castle Age
17:21 Wheelbarrow
18:22 Double-Bit Axe
19:39 Bow Saw
19:46 Stone Mining
19:49 Gold Mining
20:58 Horse Collar
23:20 Hand Cart
29:05 Fletching
31:31 Padded Archer Armor
31:28 Bodkin Arrow
33:04 Leather Archer Armor
33:33 Gold Shaft Mining
32:58 Town Watch
35:44 Imperial Age
33:44 Yeomen
34:13 Town Patrol
35:45 Caravan
35:57 Murder Holes
36:50 Forging
36:46 Scale Barding Armor
36:54 Bracer
37:25 Ring Archer Armor
39:07 Ballistics
38:59 Fortified Wall
38:20 Elite Skirmisher
40:11 Two-Man Saw
42:24 Iron Casting
42:10 Chain Barding Armor
41:51 Scale Mail Armor
42:57 Heavy Cavalry Archer
44:30 Conscription
44:10 Warwolf
43:31 Elite Longbowman
45:02 Squires
44:23 Pikeman
45:48 Halberdier
55:31 Light Cavalry
56:12 Husbandry
57:29 Plate Barding Armor
57:56 Blast Furnace
57:38 Chain Mail Armor
57:33 Cavalier
Connection lost

Rejoining the realm…

Still unreachable

The connection could not be restored.

Session expired

The server has moved on; the page needs a fresh start.